Map: Fields of Death

Players

MattBarry - Winner!

  • Race: Terran Terran
  • Spawn Location: 6:00

MattBarry - Winner!

  • Race: Zerg Zerg
  • Spawn Location: 7:00

DrWicket

  • Race: Protoss Protoss
  • League: Gold
  • Spawn Location: 12:00

WEAVER

  • Race: Terran Terran
  • Spawn Location: 12:00

VOD

Have the link to the VOD?

Description

Time

  • Played on: Dec. 22, 2022, 9:58 p.m.
  • Length: 10:03
Show
View Real Time Build Order
Export as new Build Order

MattBarry Terran - Winner!

Build Orders: 2 Factory, Hellion Opening, Mech 

Get SALT Encoding   

  12  0:00  SCV  
  13  0:12  SCV  
  14  0:17  Supply Depot  
  14  0:25  SCV  
  15  0:39  SCV  
  15  0:40  Barracks  
  16  0:46  Refinery  
  16  0:51  SCV  
  17  1:03  SCV  
  18  1:15  SCV  
  20  1:33  Orbital Command  
  20  1:37  Marine  
  20  1:42  Command Center  
  20  1:52  Factory  
  20  1:55  Marine  
  20  1:59  SCV  
  22  2:07  Supply Depot  
  22  2:11  SCV  
  22  2:13  Barracks Reactor  
  23  2:29  SCV, Refinery  
  24  2:30  Supply Depot  
  24  2:36  Widow Mine  
  26  2:41  SCV  
  27  2:54  Orbital Command  
  31  3:05  Hellion x2  
  31  3:07  SCV  
  32  3:16  Barracks Tech Lab  
  32  3:19  Factory, SCV  
  33  3:20  SCV  
  34  3:30  Hellion x2  
  34  3:31  SCV  
  34  3:32  SCV  
  40  3:43  SCV  
  40  3:44  SCV  
  42  3:51  Refinery, Hellion x2  
  42  3:52  Supply Depot  
  46  3:56  SCV x2  
  48  4:08  SCV x2  
  50  4:11  Factory  
  50  4:13  Hellion x2  
  54  4:20  SCV x2  
  52  4:32  SCV  
  52  4:33  SCV  
  52  4:34  Starport  
  54  4:41  Widow Mine x2  
  54  4:44  SCV  
  54  4:45  Siege Tank  
  62  4:48  Supply Depot  
  62  4:56  Supply Depot  
  62  4:59  Supply Depot  
  62  5:02  Refinery  
  62  5:03  SCV x2  
  62  5:11  Widow Mine  
  62  5:12  Widow Mine, Armory  
  66  5:17  Factory Tech Lab  
  66  5:18  Starport Reactor  
  66  5:28  SCV x2  
  68  5:40  SCV x2  
  68  5:41  Widow Mine  
  68  5:42  Widow Mine  
  74  5:52  SCV x2  
  76  5:59  Thor  
  76  6:03  Supply Depot  
  82  6:04  Thor  
  82  6:11  Command Center  
  88  6:22  SCV  
  88  6:23  SCV  
  90  6:31  Supply Depot  
  90  6:32  Supply Depot  
  90  6:33  Supply Depot  
  90  6:35  SCV x2  
  90  6:38  Infernal Pre-Igniter  
  92  6:42  Thor  
  98  6:48  Terran Vehicle Weapons Level 1  
  98  6:53  Thor  
  108  6:54  Hellion x2  
  108  7:01  Supply Depot  
  108  7:15  Viking x2  
  112  7:23  Orbital Command  
  112  7:27  SCV x2  
  114  7:37  Engineering Bay  
  114  7:38  Thor  
  114  7:39  SCV x2  
  114  7:42  Thor  
  128  7:51  SCV x2  
  128  7:54  SCV  
  128  7:56  Refinery  
  128  7:58  Refinery  
  131  7:59  Hellion x2  
  131  8:01  Viking  
  131  8:02  Viking  
  139  8:10  Supply Depot  
  139  8:12  Supply Depot  
  139  8:29  Thor  
  139  8:31  Thor  
  151  9:05  Hellion x2  
  155  9:18  Thor  
  161  9:26  Hellion x2  
  165  9:38  Command Center  
Show
View Real Time Build Order
Export as new Build Order

MattBarry Zerg - Winner!

Build Orders: Pool First 

Get SALT Encoding   

  12  0:02  Drone  
  13  0:12  Overlord  
  13  0:18  Drone  
  14  0:36  Spawning Pool  
  14  0:41  Drone, Extractor  
  13  0:46  Drone  
  14  0:57  Drone  
  15  1:22  Hatchery  
  14  1:35  Queen  
  14  1:39  Drone  
  17  1:51  Drone  
  17  1:53  Drone  
  19  1:58  Drone  
  20  2:07  Metabolic Boost  
  20  2:10  Zergling x2  
  21  2:21  Overlord  
  21  2:27  Zergling x2  
  22  2:30  Extractor  
  21  2:43  Lair  
  21  2:58  Drone  
  21  2:59  Drone x5  
  27  3:12  Queen  
  27  3:19  Drone  
  30  3:24  Spore Crawler  
  29  3:29  Spore Crawler  
  28  3:42  Overseer  
  28  4:14  Drone  
  28  4:15  Drone x2  
  31  4:45  Zergling x10  
  36  4:47  Overlord x2  
  36  5:07  Hydralisk Den  
  36  5:12  Hydralisk Den  
  36  5:14  Evolution Chamber  
  33  5:15  Queen  
  33  5:18  Evolution Chamber  
  34  5:25  Spore Crawler  
  34  5:26  Zergling x4  
  34  5:27  Zergling x4  
  34  5:28  Zergling x2, Drone x5  
  43  5:43  Drone x2  
  43  5:49  Zerg Ground Armor Level 1  
  45  5:52  Grooved Spines  
  45  5:54  Muscular Augments  
  44  6:22  Drone x2  
  44  6:23  Drone  
  44  6:24  Overlord x2  
  47  6:52  Hydralisk  
  47  6:53  Hydralisk x4  
  57  7:01  Zerg Missile Weapons Level 1, Hatchery  
  56  7:08  Drone x3  
  56  7:09  Drone  
  56  7:12  Overlord  
  60  7:45  Hydralisk  
  60  7:46  Hydralisk x7  
  76  8:06  Overlord x2  
  76  8:08  Extractor  
  76  8:11  Queen, Extractor  
  76  8:18  Overlord  
  76  8:48  Hydralisk  
  76  8:49  Hydralisk x8  
  94  9:11  Hydralisk x2  
  94  9:13  Overlord x3  
  98  9:31  Infestation Pit, Drone x3  
  98  9:32  Drone  
Show
View Real Time Build Order
Export as new Build Order

DrWicket Protoss 

Build Orders:  

Get SALT Encoding   

  12  0:01  Probe  
  13  0:13  Probe  
  14  0:18  Assimilator  
  14  0:26  Pylon  
  14  0:29  Probe  
  15  0:42  Assimilator  
  15  0:52  Probe  
  16  1:14  Gateway  
  16  1:48  Pylon  
  16  2:06  Cybernetics Core  
  16  2:08  Probe  
  16  2:11  Nexus  
  17  2:17  Pylon  
  17  2:27  Assimilator  
  17  2:35  Assimilator  
  17  2:57  Stargate  
  17  3:07  Stargate  
  17  3:10  Probe  
  18  3:22  Probe  
  18  3:23  Probe  
  20  3:35  Probe x2  
  20  3:36  Protoss Air Weapons Level 1  
  26  4:04  Void Ray (Chrono Boost)  
  30  4:17  Void Ray (Chrono Boost)  
  30  4:35  Probe x2  
  32  4:47  Probe x2  
  42  5:16  Void Ray x2 (Chrono Boost)  
  42  5:20  Probe  
  43  5:32  Probe  
  44  5:42  Protoss Air Armor Level 1  
  44  5:44  Probe  
  45  5:56  Probe  
  54  6:23  Void Ray x2  
  54  6:32  Fleet Beacon  
  54  6:37  Pylon x2  
  54  6:39  Pylon  
  54  6:41  Pylon  
  54  6:42  Pylon  
  54  6:44  Pylon  
  54  6:55  Probe  
  54  6:56  Probe  
  56  7:07  Probe  
  56  7:08  Probe  
  58  7:26  Tempest (Chrono Boost)  
  58  7:27  Tempest (Chrono Boost)  
  68  7:51  Protoss Air Weapons Level 2 (Chrono Boost)  
  68  8:08  Nexus  
  68  8:10  Pylon  
  68  8:13  Pylon  
  68  8:17  Assimilator  
  68  8:19  Assimilator  
  68  8:37  Probe x2  
  70  8:49  Probe  
  70  8:50  Probe  
  72  8:56  Stargate  
  72  8:58  Stargate  
  72  9:01  Probe  
  72  9:02  Probe  
  74  9:05  Unknown  
  74  9:13  Probe  
  74  9:14  Probe  
  82  9:26  Probe x2  
Show
View Real Time Build Order
Export as new Build Order

WEAVER Terran 

Build Orders:  

Get SALT Encoding   

  12  0:02  SCV  
  13  0:14  SCV  
  13  0:20  Supply Depot  
  14  0:26  SCV  
  15  0:41  SCV  
  16  0:43  Barracks  
  16  0:53  SCV  
  16  0:55  Refinery  
  17  1:05  SCV  
  18  1:30  Barracks  
  18  1:36  Bunker  
  18  1:37  Marine  
  19  1:41  Orbital Command  
  19  1:59  Supply Depot  
  19  2:01  Marine  
  19  2:07  SCV  
  21  2:11  Refinery  
  21  2:16  Barracks  
  21  2:19  Factory  
  21  2:20  Barracks Tech Lab  
  21  2:33  Marine  
  22  2:41  SCV  
  23  2:50  Marine  
  24  2:52  Barracks Tech Lab  
  24  2:54  SCV  
  25  3:00  Supply Depot x2  
  25  3:09  Barracks Reactor  
  25  3:18  Siege Tank  
  28  3:24  Marine  
  28  3:27  Marine  
  30  3:47  Marauder  
  32  3:49  Command Center  
  32  3:50  Marine x3  
  35  4:00  Siege Tank  
  38  4:06  Stimpack  
  38  4:13  SCV  
  39  4:23  Marine  
  39  4:24  Marine x2  
  41  4:25  SCV  
  41  4:27  Marauder  
  45  4:50  Supply Depot  
  45  4:51  SCV  
  46  4:52  Supply Depot  
  46  5:03  SCV  
  47  5:13  Bunker  
  47  5:17  Marine x2, Marauder  
  47  5:19  SCV  
  53  5:21  Barracks Tech Lab  
  53  5:23  Orbital Command  
  52  5:38  SCV  
  53  5:44  Refinery x2  
  53  5:58  Widow Mine  
  55  6:04  Marine  
  55  6:05  Marine  
  55  6:08  SCV x2  
  59  6:19  Widow Mine  
  59  6:23  SCV x2  
  65  6:33  Marine x2, Marauder x2  
  65  6:35  SCV  
  70  6:41  Widow Mine  
  70  6:43  Starport  
  72  6:47  Engineering Bay  
  72  6:52  Marine  
  72  6:53  Marine  
  74  6:59  SCV x2  
  76  7:01  Supply Depot  
  76  7:02  Supply Depot, Widow Mine  
  78  7:19  Terran Infantry Weapons Level 1  
  78  7:24  Widow Mine  
  78  7:27  Armory  
  80  7:32  Starport Reactor  
  80  7:39  Marine x2, Marauder x2  
  80  7:43  SCV x2  
  88  7:45  Widow Mine  
  90  7:55  SCV x2  
  92  8:03  Marauder  
  94  8:17  Barracks  
  94  8:18  Barracks  
  94  8:20  Barracks  
  94  9:13  Supply Depot x2  
  94  9:15  Command Center  
  94  9:26  Barracks Tech Lab x3  
  94  9:35  Widow Mine, Marine x3, SCV x2, Marauder  
  107  9:39  Engineering Bay  
  107  9:47  SCV  
Tags
 
Add a new tag
Caveats
  • Supply blocks, unpowered buildings, or Contaminate may cause inaccurate times.
  • Supply counts are checked every 10 seconds.